 Dungeon Sprint DCSS version 0.18-a0-46-g45ca8e4 (console) character file.

534 Kellhus the Eclecticist (level 8, -5/41 HPs)
             Began as a Deep Elf Conjurer on Nov 6, 2015.
             Was a High Priest of Vehumet.
             Shot with a sling bullet by a faun (25 damage)
             ... in the Dungeon (Sprint VI: "Thunderdome").
             The game lasted 00:06:26 (812 turns).

Kellhus the Eclecticist (Deep Elf Conjurer)          Turns: 812, Time: 00:06:27

Health: -5/41      AC:  3    Str:  5    XL:     8   Next: 60%
Magic:  25/38      EV: 13    Int: 28    God:    Vehumet [*****.]
Gold:   175        SH:  0    Dex: 19    Spells: 4 memorised, 24 levels left

rFire  . . .     SeeInvis .     a - +2 quarterstaff (chaos)
rCold  + . .     Clarity  .     p - +0 robe
rNeg   . . .     SustAt   .     (shield currently unavailable)
rPois  .         Gourm    .     (no helmet)
rElec  .         Spirit   .     o - +0 cloak
rCorr  .         Warding  .     (no gloves)
rMut   .         NoTele   +     (no boots)
MR     +....                    w - amulet of Zabuta {Faith Dex+4}
Stlth  ++........               v - ring "Xotu" {Wiz Int+5}
                                t - ring of Tamatufu {rC+ MR+ MP+9}

@: somewhat resistant to hostile enchantments, unstealthy
A: no striking features
a: Renounce Religion
}: 1/15 runes: serpentine


You were in the Dungeon.
You worshipped Vehumet.
Vehumet was extremely pleased with you.
You were not hungry.

You visited 1 branch You collected 850 gold pieces.
You spent 675 gold pieces at shops.

Inventory:

Hand Weapons
 a - a +2 quarterstaff of chaos (weapon)
Armour
 o - a +0 cloak (worn)
 p - a +0 robe (worn)
Jewellery
 t - the ring of Tamatufu (left hand) {rC+ MR+ MP+9}
   (You bought it in a shop in the Dungeon)

   [ring of protection from magic]

   It protects you from cold.
   It affects your resistance to hostile enchantments.
   It affects your magic capacity (+9).
 u - the amulet of Elyvilon's Hope {Regen+ Slay+3}
   (You bought it in a shop in the Dungeon)

   [amulet of regeneration]

   It affects your accuracy and damage with ranged weapons and melee attacks
   (+3).
   It increases your rate of regeneration.
 v - the ring "Xotu" (right hand) {Wiz Int+5}
   (You bought it in a shop in the Dungeon)

   [ring of wizardry]

   It improves your spell success rate.
   It affects your intelligence (+5).
 w - the amulet of Zabuta (around neck) {Faith Dex+4}
   (You bought it in a shop in the Dungeon)

   [amulet of faith]

   It allows you to gain divine favour quickly.
   It affects your dexterity (+4).
 x - the ring "Kuchy" {MR++ Str-5}
   (You bought it in a shop in the Dungeon)

   [ring of strength]

   It affects your strength (-5).
   It affects your resistance to hostile enchantments.
Wands
 k - a wand of cold (0)
 l - a wand of fire (5)
Scrolls
 i - 3 scrolls of blinking
 m - 3 scrolls of fog
 s - 14 scrolls of remove curse
Potions
 d - a potion of curing
 e - 2 potions of heal wounds
 f - 3 potions of haste
 g - a potion of magic
 h - a potion of berserk rage
 q - a potion of experience
Books
 b - a book of Conjurations

   Spells                             Type                      Level
   a - Magic Dart                     Conjuration                  1
   b - Searing Ray                    Conjuration                  2
   c - Dazzling Spray                 Conjuration/Hexes            3
   d - Fulminant Prism                Conjuration/Hexes            4
   e - Iskenderun's Mystic Blast      Conjuration                  4
   f - Iskenderun's Battlesphere      Conjuration/Charms           5
 r - a book of Battle

   Spells                             Type                      Level
   a - Infusion                       Charms                       1
   b - Shroud of Golubria             Charms/Translocation         2
   c - Song of Slaying                Charms                       2
   d - Spectral Weapon                Hexes/Charms                 3
   e - Regeneration                   Charms/Necromancy            3
Comestibles
 c - a bread ration


   Skills:
 - Level 2.4 Dodging
 - Level 2.4 Stealth
 + Level 15.3 Spellcasting
 + Level 13.6 Conjurations
 + Level 11.9 Charms


You had 24 spell levels left.
You knew the following spells:

 Your Spells              Type           Power        Failure   Level  Hunger
a - Magic Dart            Conj           ####         0%          1    None
b - Iskenderun's Battles  Conj/Chrm      #######.     1%          5    None
c - Iskenderun's Mystic   Conj           #######.     1%          4    None
e - Regeneration          Chrm/Necr      ######....   1%          3    None


Dungeon Overview and Level Annotations

Branches:
Dungeon (1/1)

Altars:
Cheibriados
Dithmenos
Fedhas
Gozag
Kikubaaqudgha
Makhleb
Okawaru
Qazlal
Ru
Sif Muna
Trog
Vehumet
Xom
Yredelemnul
Zin
The Shining One
Jiyva
Lugonu

Shops:
D *[%??*?*:[((!!!!


Message History

Aim: a faun, wielding a hunting sling (translocational energy)
The orb of energy misses the faun.
The orb of energy explodes!
Your battlesphere fires!
The barrage of energy hits the faun.
The faun is moderately wounded.
Unknown command.
Casting: Iskenderun's Mystic Blast
Confirm with . or Enter, or press ? or * to list all spells.
Aiming: Iskenderun's Mystic Blast
Press: ? - help, Shift-Dir - straight line, f/p - faun
Aim: a faun, wielding a hunting sling (translocational energy, moderately wounded)
The orb of energy hits the faun.
The faun is heavily wounded.
The orb of energy explodes!
Your battlesphere fires!
The barrage of energy hits the faun.
The faun is severely wounded.
The faun shoots a sling bullet.
The sling bullet hits you!!
Ouch! That really hurt!
You die...

#_......._# #_......._#
###..)......###
#c...........⌠#
######.8...[.....8.##
##∩.__......###.......
###∩........8.# #.8.....
##.....*.......###.......
#⌠..........###...###.)..
#§S.........# #.<.# #....
#⌠......@...###...###....
##.............###.......
###∩........8.# #.8.....
##∩___....).###......_
######.8.........8.##
#⌠...........⌠#
###.........###
#_........# #_......._#
#_......._# #∩.......∩#


You could see a sea snake and a faun.

Vanquished Creatures
  Aizul (D)
  A fire drake (D)
  A fire elemental (D)
  2 fire bats (D)
  An ogre (D)
  2 brain worms (D)
  A gnoll sergeant (D)
  Crazy Yiuf (D)
  A hound (D)
  A worker ant (D)
  3 gnolls (D)
  An adder (D)
  An orc (D)
  A bat zombie (D)
  3 giant cockroaches (D)
  A ball python skeleton (D)
22 creatures vanquished.

Notes
Turn   | Place    | Note
--------------------------------------------------------------
     0 | D        | Kellhus the Deep Elf Conjurer began the quest for the Orb.
     0 | D        | Reached XP level 1. HP: 10/10 MP: 6/6
     3 | D        | Found a snail-covered altar of Cheibriados.
     4 | D        | Found a glowing silver altar of Zin.
     4 | D        | Found a bloodstained altar of Trog.
     5 | D        | Round 1.
     7 | D        | Found an opulent altar of Gozag.
     7 | D        | Found an iron altar of Okawaru.
     8 | D        | Found a shimmering altar of Xom.
     8 | D        | Found a viscous altar of Jiyva.
    11 | D        | Found a basalt altar of Yredelemnul.
    11 | D        | Found a radiant altar of Vehumet.
    12 | D        | Found a sacrificial altar of Ru.
    12 | D        | Found a corrupted altar of Lugonu.
    13 | D        | Found an ancient bone altar of Kikubaaqudgha.
    13 | D        | Found a shadowy altar of Dithmenos.
    14 | D        | Found a glowing golden altar of the Shining One.
    14 | D        | Found Faxzes's Premium Goods.
    14 | D        | Found Inorad's Weapon Rack.
    15 | D        | Found Loczenuwn's Miscellaneous Merchandise.
    15 | D        | Found Duuzan's Basic Armour.
    19 | D        | Became a worshipper of Vehumet
    24 | D        | Found a blossoming altar of Fedhas.
    26 | D        | Found a stormy altar of Qazlal.
    27 | D        | Found Tazxacw's Do-It-Yourself Clinic.
    28 | D        | Found Zisayjats's Bottled Wisdom.
    28 | D        | Found Cabi's Distillery.
    28 | D        | Found Anarghev's Distillery.
    34 | D        | Found a burning altar of Makhleb.
    35 | D        | Found Umosuiph's Staff Store.
    35 | D        | Noticed a brain worm
    40 | D        | Killed a brain worm
    40 | D        | Reached skill level 7 in Spellcasting
    40 | D        | Reached XP level 2. HP: 15/15 MP: 3/12
    40 | D        | Reached XP level 3. HP: 19/19 MP: 3/14
    43 | D        | Reached XP level 4. HP: 24/24 MP: 0/15
    44 | D        | Found Guijinit's Must-Have Magic.
    44 | D        | Found Viulaokh's Magic Scroll Shop.
    45 | D        | Found Usheump's Magic Scroll Shop.
    62 | D        | Reached * piety under Vehumet
    62 | D        | Offered knowledge of Sandblast by Vehumet.
   136 | D        | Noticed a brain worm
   137 | D        | Killed a brain worm
   137 | D        | Arena points: 12 (+12) [x2]
   137 | D        | Reached skill level 9 in Spellcasting
   146 | D        | Learned a level 4 spell: Iskenderun's Mystic Blast
   204 | D        | Round 2.
   209 | D        | Reached ** piety under Vehumet
   209 | D        | Reached XP level 5. HP: 28/28 MP: 14/19
   220 | D        | Reached skill level 10 in Spellcasting
   230 | D        | Offered knowledge of Shock by Vehumet.
   230 | D        | Reached skill level 10 in Conjurations
   263 | D        | Reached skill level 11 in Spellcasting
   298 | D        | Reached *** piety under Vehumet
   305 | D        | Noticed Crazy Yiuf
   306 | D        | Killed Crazy Yiuf
   306 | D        | Arena points: 54 (+42) [x3]
   306 | D        | Reached XP level 6. HP: 32/32 MP: 7/22
   313 | D        | Learned a level 5 spell: Iskenderun's Battlesphere
   320 | D        | Found Nudy's Bee Food.
   321 | D        | Found Neohagie's Jewellery.
   321 | D        | Found Gigoyfigre's Advanced Armour.
   321 | D        | Found a deep blue altar of Sif Muna.
   321 | D        | Found Taget's Identification Station.
   374 | D        | Round 3.
   376 | D        | Noticed a fire elemental
   376 | D        | Noticed a fire bat
   376 | D        | Noticed a fire drake
   378 | D        | Killed a fire bat
   378 | D        | Offered knowledge of Ignite Poison by Vehumet.
   378 | D        | Reached skill level 12 in Spellcasting
   378 | D        | Reached skill level 5 in Charms
   380 | D        | Noticed a fire bat
   382 | D        | Killed a fire elemental
   382 | D        | Reached skill level 13 in Spellcasting
   382 | D        | Reached XP level 7. HP: 24/36 MP: 5/25
   383 | D        | Killed a fire drake
   388 | D        | Noticed a fire drake
   390 | D        | Killed a fire bat
   390 | D        | Reached **** piety under Vehumet
   390 | D        | Reached skill level 14 in Spellcasting
   434 | D        | Arena points: 114 (+60) [x4]
   449 | D        | Round 4.
   468 | D        | Reached skill level 10 in Charms
   468 | D        | Reached XP level 8. HP: 38/41 MP: 7/28
   540 | D        | Offered knowledge of Olgreb's Toxic Radiance by Vehumet.
   540 | D        | Reached ***** piety under Vehumet
   540 | D        | Arena points: 254 (+140) [x5]
   582 | D        | Round 5.
   582 | D        | Noticed Aizul
   593 | D        | Killed Aizul
   593 | D        | Arena points: 534 (+280) [x7]
   593 | D        | Reached skill level 15 in Spellcasting
   594 | D        | Got a serpentine rune of Zot
   599 | D        | Learned a level 3 spell: Regeneration
   605 | D        | Bought 15 scrolls of remove curse for 450 gold pieces
   617 | D        | Bought a heavily runed silver ring for 45 gold pieces
   617 | D        | Bought a scorched copper amulet for 45 gold pieces
   617 | D        | Bought a bound amber ring for 45 gold pieces
   617 | D        | Identified the ring of Tamatufu {rC+ MR+ MP+9} (You bought it in a shop in the Dungeon)
   618 | D        | Identified the ring "Xotu" {Wiz Int+5} (You bought it in a shop in the Dungeon)
   619 | D        | Identified the amulet of Elyvilon's Hope {Regen+ Slay+3} (You bought it in a shop in the Dungeon)
   620 | D        | Bought a transparent diamond amulet for 45 gold pieces
   620 | D        | Bought a slimy bronze ring for 45 gold pieces
   621 | D        | Identified the amulet of Zabuta {Faith Dex+4} (You bought it in a shop in the Dungeon)
   623 | D        | Lost strength.
   623 | D        | Identified the cursed ring "Kuchy" {MR++ Str-5} (You bought it in a shop in the Dungeon)
   809 | D        | Round 6.
   809 | D        | Noticed a faun
   810 | D        | Noticed a sea snake
   812 | D        | Shot with a sling bullet by a faun

Vault maps used:
D:        arena_sprint

Action                   |  1- 3 |  4- 6 |  7- 9 || total
-------------------------+-------+-------+-------++-------
Melee: Unarmed           |       |    18 |       ||    18
 Cast: Magic Dart        |     5 |    24 |    12 ||    41
       Iskenderun's Myst |       |     5 |    10 ||    15
       Iskenderun's Batt |       |     1 |     4 ||     5
Evoke: Wand              |     2 |     3 |       ||     5
  Use: Potion            |       |     1 |     4 ||     5
       Scroll            |       |       |     2 ||     2
